 Dungeon Crawl Stone Soup version 0.28-a0-850-g09de17f5b5 (webtiles) character file.

Game seed: 1031278277575864866

3026 pokeman the Thaumaturge (level 9, -2/50 HPs)
             Began as a Deep Elf Hedge Wizard on Nov 13, 2021.
             Was a Follower of Vehumet.
             Slain by a vampire mosquito (7 damage)
             ... on level 7 of the Dungeon.
             The game lasted 00:19:45 (9442 turns).

pokeman the Thaumaturge (Deep Elf Hedge Wizard)     Turns: 9442, Time: 00:19:45

Health: -2/50      AC:  5    Str:  7    XL:     9   Next: 55%
Magic:  2/26       EV: 12    Int: 23    God:    Vehumet [*.....]
Gold:   155        SH:  0    Dex: 14    Spells: 20/31 levels left

rFire   . . .      SeeInvis +   y - +2 scythe (venom)
rCold   + . .      Faith    .   (shield currently unavailable)
rNeg    . . .      Spirit   .   g - +1 leather armour of Ashenzari's Outrage {rPois rC+}
rPois   +          Reflect  .   c - +0 hat
rElec   .          Harm     .   (no cloak)
rCorr   .          Rampage  .   p - +0 pair of gloves
Will    .....                   (no boots)
Stlth   ++........              b - amulet of the acrobat
HPRegen 0.16/turn               e - ring of see invisible
MPRegen 0.20/turn               (no ring)

@: no status effects
A: no striking features
a: Renounce Religion


You were on level 7 of the Dungeon.
You worshipped Vehumet.
Vehumet was aware of your devotion.
You visited 2 branches of the dungeon, and saw 8 of its levels.

You collected 295 gold pieces.
You spent 140 gold pieces at shops.

Inventory:

Hand Weapons
 a - a +0 shortbow
 y - a +2 scythe of venom (weapon)
Missiles
 l - 44 arrows
 r - 49 bolts
 s - a throwing net
Armour
 c - a +0 hat (worn)
 g - the +1 leather armour of Ashenzari's Outrage (worn) {rPois rC+}
   (You took it off an orc priest on level 6 of the Dungeon)

   rC:        It protects you from cold.
   rPois:     It protects you from poison.
 p - a +0 pair of gloves (worn)
Jewellery
 b - an amulet of the acrobat (around neck)
 e - a ring of see invisible (left hand)
Wands
 o - a wand of flame (17)
 B - a wand of digging (6)
Scrolls
 d - a scroll of fog
 f - a scroll of brand weapon
 h - 6 scrolls of teleportation
 i - a scroll of blinking
 j - 3 scrolls of immolation
 k - 2 scrolls of enchant armour
 u - a scroll of fear
 w - a scroll of magic mapping
 A - a scroll of identify
Potions
 m - a potion of berserk rage
 n - a potion of haste
 q - a potion of attraction
 t - 3 potions of curing
 v - a potion of magic
 x - a potion of lignification
 z - a potion of heal wounds
 C - a potion of flight {unknown}


   Skills:
 + Level 3.1 Fighting
 - Level 3.0 Armour
 - Level 3.3 Dodging
 - Level 3.0 Stealth
 * Level 11.8 Spellcasting
 + Level 6.5 Conjurations
 - Level 1.1 Summonings
 - Level 1.1 Translocations
 + Level 5.6 Fire Magic
 - Level 1.0 Air Magic
 - Level 1.0 Poison Magic
 - Level 1.0 Evocations


You had 20 spell levels left.
You knew the following spells:

 Your Spells              Type           Power      Damage    Failure   Level
a - Magic Dart            Conj           100%       1d8       1%          1
b - Mephitic Cloud        Conj/Pois/Air  26%        N/A       6%          3
c - Call Imp              Summ           18%        N/A       7%          2
d - Blink                 Tloc           36%        N/A       7%          2
e - Conjure Flame         Conj/Fire      41%        6-21      1%          3

Your spell library contained the following spells:

 Spells                   Type           Power      Damage    Failure   Level
 Freeze                   Ice            52%        1d7       7%          1
 Searing Ray              Conj           86%        2d7       1%          2
 Slow                     Hex            52%        N/A       7%          1
 Fulminant Prism          Conj/Hex       14%        3d9       19%         4
 Ozocubu's Armour         Ice            13%        N/A       21%         3
 Ozocubu's Refrigeration  Ice            6%         4d6       100%        7


Dungeon Overview and Level Annotations

Branches:
Dungeon (7/15)             Temple (1/1) D:4

Altars:
Ashenzari
Cheibriados
Elyvilon
Fedhas
Gozag
Hepliaklqana
Kikubaaqudgha
Nemelex Xobeh
Okawaru
Qazlal
Sif Muna
Trog
Uskayaw
Vehumet
Wu Jian
Yredelemnul
Zin
The Shining One

Shops:
D:2 :   D:3 *


Message History

The vampire mosquito completely misses you.
The vampire mosquito closely misses you.
You feel stable enough to blink again.
You feel a bit more experienced. The vampire mosquito barely misses you.
Your Fighting skill increases to level 3!
The vampire mosquito completely misses you.
The vampire mosquito bites you!
* * * LOW HITPOINT WARNING * * *
The vampire mosquito draws strength from your injuries!
Casting: Blink (safe; 7% risk of failure)
Confirm with . or Enter, or press ? or * to list all spells.
You blink.
Casting: Blink (safe; 7% risk of failure)
Confirm with . or Enter, or press ? or * to list all spells.
A beastly little devil appears in a puff of flame.
The vampire mosquito misses your crimson imp.
The vampire mosquito bites your crimson imp but does no damage.
The vampire mosquito bites your crimson imp!
The vampire mosquito barely misses your crimson imp.
Your crimson imp completely misses the vampire mosquito.
You feel stable enough to blink again.
The vampire mosquito bites your crimson imp. x2
Your crimson imp dies!
Your crimson imp disappears in a puff of smoke!
Casting: Call Imp (safe; 7% risk of failure)
Confirm with . or Enter, or press ? or * to list all spells.
A beastly little devil appears in a puff of frigid air.
You swap places.
The vampire mosquito bites your white imp! x2
Your white imp dies!
Your white imp disappears in a puff of smoke!
The vampire mosquito completely misses you.
The vampire mosquito bites you but does no damage.
The vampire mosquito misses you.
The vampire mosquito completely misses you.
The vampire mosquito completely misses you.
You slash the vampire mosquito!
The vampire mosquito is moderately damaged.
The vampire mosquito barely misses you. The vampire mosquito bites you!
You die...

#(###.# #.#.# #.#
#.# #.#.#
#.###.###.#.#
#.........#.#
#..########.#####
#..# #.....# #..#
#####.# #..#
###y# #..# #<@.#
#..# ##### ...#


You could see a vampire mosquito.

Vanquished Creatures
  A slime creature (D:6)
  Sigmund (D:6)
  A wyvern (D:7)
  A water moccasin (D:7)
  A black bear (D:4)
  A necrophage (D:7)
  3 ogres
  A centaur (D:6)
  2 kobold brigands (D:6)
  2 scorpions
  A howler monkey (D:4)
  A bullfrog skeleton (D:6)
  3 orc priests
  3 hounds
  7 jellies
  3 iguanas
  3 orc wizards
  Ijyb (D:3)
  2 scorpion zombies (D:5)
  3 gnolls (D:2)
  6 adders
  A shadow imp (D:5)
  4 white imps
  8 worms
  A dart slug (D:4)
  14 orcs
  10 ball pythons
  5 bats
  5 endoplasms
  4 giant cockroaches
  3 goblins
  9 hobgoblins
  A quokka (D:3)
  5 frilled lizards
  15 kobolds
  4 rats
136 creatures vanquished.

Vanquished Creatures (collateral kills)
  A wraith (D:7)
  2 scorpions
  An orc wizard (D:5)
  An endoplasm (D:6)
5 creatures vanquished.

Vanquished Creatures (others)
  A manticore (D:7)
  3 fungi (D:6)
  6 toadstools (D:6)
10 creatures vanquished.

Grand Total: 151 creatures vanquished

Notes
Turn   | Place    | Note
-------+----------+-------------------------------------------
     0 | D:1      | pokeman the Deep Elf Hedge Wizard began the quest for the
                  | Orb.
     0 | D:1      | Reached XP level 1. HP: 10/10 MP: 7/7
   258 | D:1      | Reached XP level 2. HP: 15/15 MP: 6/9
   579 | D:1      | Reached skill level 5 in Spellcasting
   730 | D:1      | Found a faded altar of an unknown god.
  1072 | D:2      | Reached XP level 3. HP: 20/20 MP: 1/11
  1076 | D:2      | Learned a level 3 spell: Mephitic Cloud
  1079 | D:2      | Learned a level 2 spell: Blink
  1082 | D:2      | Learned a level 2 spell: Call Imp
  1086 | D:2      | Learned a level 3 spell: Conjure Flame
  1154 | D:2      | Found Qiysied's Book Boutique.
  1485 | D:2      | Reached skill level 1 in Armour
  1604 | D:2      | Found a sparkling altar of Nemelex Xobeh.
  1690 | D:2      | Reached skill level 1 in Fighting
  1854 | D:2      | Reached XP level 4. HP: 4/25 MP: 0/13
  3492 | D:3      | Found Zats's General Store.
  3493 | D:3      | Noticed Ijyb
  4080 | D:3      | Noticed an ogre
  4084 | D:3      | Killed an ogre
  4085 | D:3      | Reached skill level 6 in Spellcasting
  4085 | D:3      | Reached skill level 1 in Fire Magic
  4085 | D:3      | Reached XP level 5. HP: 29/29 MP: 10/15
  4315 | D:3      | Killed Ijyb
  4432 | D:4      | Noticed a black bear
  4441 | D:4      | Killed a black bear
  4442 | D:4      | Reached skill level 1 in Air Magic
  4442 | D:4      | Reached XP level 6. HP: 25/34 MP: 11/17
  4528 | D:4      | Reached skill level 7 in Spellcasting
  5109 | D:4      | Found a staircase to the Ecumenical Temple.
  5122 | Temple   | Entered the Ecumenical Temple
  5407 | Temple   | Became a worshipper of Vehumet
  5588 | D:5      | Entered Level 5 of the Dungeon
  5748 | D:3      | Bought a potion of magic for 112 gold pieces
  5748 | D:3      | Bought a scroll of identify for 28 gold pieces
  5931 | D:5      | Reached skill level 1 in Poison Magic
  5931 | D:5      | Reached skill level 1 in Evocations
  5967 | D:5      | Reached XP level 7. HP: 12/38 MP: 0/20
  6209 | D:5      | You fall into a shaft and drop 1 floor!
  6302 | D:6      | Reached skill level 8 in Spellcasting
  6480 | D:6      | Noticed Sigmund
  6498 | D:6      | Killed Sigmund
  6704 | D:6      | Noticed a slime creature
  6704 | D:6      | Noticed a slime creature
  6774 | D:6      | Killed a large slime creature
  6775 | D:6      | Reached skill level 9 in Spellcasting
  6775 | D:6      | Reached skill level 5 in Conjurations
  6775 | D:6      | Reached XP level 8. HP: 7/44 MP: 3/23
  6775 | D:6      | Reached * piety under Vehumet
  6775 | D:6      | Offered knowledge of Freeze by Vehumet.
  6776 | D:6      | HP: 1/44 [kobold brigand (2)]
  6886 | D:6      | Reached skill level 10 in Spellcasting
  7002 | D:6      | Identified the +1 leather armour of Ashenzari's Outrage
                  | {rPois rC+}
  8508 | D:6      | Reached XP level 9. HP: 48/48 MP: 23/25
  8813 | D:7      | Reached skill level 11 in Spellcasting
  8870 | D:7      | Reached skill level 5 in Fire Magic
  8881 | D:7      | HP: 1/49 [iguana (11)]
  9379 | D:7      | Noticed a manticore
  9425 | D:7      | Killed a manticore
  9427 | D:7      | HP: 2/50 [vampire mosquito (10)]
  9442 | D:7      | Slain by a vampire mosquito

Illustrated notes

Levels and vault maps discovered:
D:1:      minmay_arrival_cross, layout_rooms, shapermc_ecumenical_altar_gd,
          amcnicky_mini_rare_corridor_liquid
D:2:      layout_loops_corners, basic_altar, serial_shops,
          nicolae_shop_statue_plus, minmay_tree_intersection
D:3:      layout_rooms, serial_shops, shop_coins, kennysheep_cross_room,
          uniq_ijyb
D:4:      layout_rooms, minmay_temple_entry_nine_rooms
D:5:      layout_gridville
D:6:      cheibrodos_fertilizer, layout_loops_ring, uniq_sigmund
D:7:      nzn_winding_woodlands_medium [nzn_winding_woodlands_5x5_closed_star,
          nzn_winding_woodlands_5x15_jagged,
          nzn_winding_woodlands_5x5_checkerboard,
          nzn_winding_woodlands_5x5_default, nzn_winding_woodlands_center_lodge,
          nzn_winding_woodlands_5x5_cross, nzn_winding_woodlands_5x5_perimeter,
          nzn_winding_woodlands_5x15_pathside_ponds,
          nzn_winding_woodlands_hourglass], layout_basic
Temple:   mainiacjoe_temple_cubbyholes

Skill      XL: |  1  2  3  4  5  6  7  8  9 |
---------------+----------------------------+-----
Spellcasting   | 5 6 7 9 10 11 | 11.8
Armour         | 1 2 3 |  3.0
Fighting       | 1 2 3 |  3.1
Conjurations   | 2 3 5 6 |  6.5
Dodging        | 3 |  3.3
Fire Magic     | 1 3 4 5 |  5.6
Stealth        | 3 |  3.0
Air Magic      | 1 |  1.0
Poison Magic   | 1 |  1.0
Evocations     | 1 |  1.0
Summonings     | |  1.1
Translocations | |  1.1

Action                   |  1- 3 |  4- 6 |  7- 9 || total
-------------------------+-------+-------+-------++-------
Melee: Dagger            |     7 |       |       ||     7
       Long sword        |       |     4 |       ||     4
       Spear             |       |    16 |    19 ||    35
       Scythe            |       |       |    54 ||    54
 Cast: Magic Dart        |   104 |   152 |   102 ||   358
       Mephitic Cloud    |     1 |     8 |    20 ||    29
       Call Imp          |     1 |     2 |    14 ||    17
       Conjure Flame     |     1 |     4 |    22 ||    27
       Blink             |       |       |     6 ||     6
Evoke: Wand              |       |       |     1 ||     1
  Use: Scroll            |       |     8 |     7 ||    15
       Potion            |       |       |     1 ||     1
 Stab: Confused          |     2 |     2 |     7 ||    11
Armor: Robe              |     2 |     2 |       ||     4
       Leather armour    |       |    15 |    10 ||    25
Dodge: Dodged            |     7 |    30 |    73 ||   110

Table legend: (Time is in decaauts)
 A = Elapsed time spent in this place.
 B = Non-inter-level travel time spent in this place.
 C = Inter-level travel time spent in this place.
 D = Time resting spent in this place.
 E = Time spent auto-exploring this place.
 F = Levels seen in this place.
 G = Mean time per level.
                   A        B        C        D        E       F      G
               +--------+--------+--------+--------+--------+-----+--------+
         Total |   9508 |   9088 |    420 |    714 |   7045 |   8 | 1188.5 |
       Dungeon |   9185 |   8801 |    384 |    714 |   6771 |   7 | 1312.1 |
        Temple |    322 |    286 |     36 |      0 |    274 |   1 |  322.0 |
               +--------+--------+--------+--------+--------+-----+--------+

Top non-repeatable levels by time:
     D:2: 2475 daAuts
     D:6: 1958 daAuts
     D:5: 1125 daAuts
     D:1: 1030 daAuts
     D:3: 976 daAuts
     D:4: 914 daAuts
     D:7: 704 daAuts
  Temple: 322 daAuts
